Blackhawks vs Golden Knights
Created - February 14, 2020 at 20:26
Goals
|
Blackhawks |
0 |
1 |
2 |
3 |
Golden Knights |
0 |
1 |
0 |
1 |
|
Shots
|
Blackhawks |
6 |
7 |
13 |
26 |
Golden Knights |
6 |
16 |
11 |
33 |
|
1st period
No Goal
Penalties :
Garnet Hathaway (Chi) for Hooking (Minor) at 4:36, Antoine Roussel (Chi) for Hooking (Minor) at 12:10
2nd period
1. Blackhawks , Tomas Fleischmann 9 (Matthew Spiller 6) at 6:02
2. Golden Knights , Chris Higgins 12 (Damien Brunner 5, Patrice Cormier 6) at 12:32
Penalties :
Chris Kreider (Chi) for Roughing (Minor) at 19:03
3rd period
3. Blackhawks , Antoine Roussel 17 (Cody Hodgson 14) at 11:31
4. Blackhawks , Rick Nash 13 (Derick Brassard 47, Justin Falk 1) at 14:57
Penalties :
Mathew Dumba (Vgs) for Holding (Minor) at 4:19
Goalie Stats
Jimmy Howard (Chi), 32 saves from 33 shots - (0.970), W, 22-16-4, 60:00 minutes
Robin Lehner (Vgs), 23 saves from 26 shots - (0.885), L, 17-14-6, 60:00 minutes
Players Stats for Blackhawks
Player Name G A P +/- PIM S H SB GA TA FO MP PP MP PK MP
------------------------------------------------------------------------------------
Antoine Roussel 1 0 1 1 2 3 0 1 1 0 0/0 15:22 0:53 0:00
Bobby Ryan 0 0 0 1 0 0 1 0 1 0 0/1 11:14 0:00 0:00
Brandon Yip 0 0 0 -1 0 0 3 0 0 0 1/2 9:18 0:00 1:47
Chris Kreider 0 0 0 1 2 4 5 0 2 0 1/2 22:17 1:06 1:58
Cody Hodgson 0 1 1 1 0 2 1 0 0 0 4/12 15:18 0:53 0:00
Derick Brassard 0 1 1 1 0 5 2 0 0 0 13/31 20:43 1:06 1:06
Erik Christensen 0 0 0 1 0 1 1 0 0 1 2/5 11:49 0:00 0:31
Gabriel Bourque 0 0 0 -1 0 2 0 0 0 0 0/0 8:47 0:00 1:53
Garnet Hathaway 0 0 0 1 2 1 0 1 0 0 0/0 15:41 0:53 0:00
John Carlson 0 0 0 1 0 1 1 2 1 1 0/0 24:34 1:13 0:37
Justin Falk 0 1 1 1 0 1 1 1 1 0 0/0 18:26 0:46 0:00
Kevin Marshall 0 0 0 0 0 0 0 1 0 0 0/0 14:23 0:00 2:32
Matthew Spiller 0 1 1 1 0 1 1 0 0 2 0/0 20:20 0:00 2:48
Mike Green 0 0 0 1 0 0 4 1 1 3 0/0 26:57 0:46 3:34
Rick Nash 1 0 1 1 0 1 0 2 1 0 0/1 19:44 1:06 0:00
Scott Gomez 0 0 0 -1 0 0 2 0 0 0 2/6 11:09 0:00 3:33
Seth Jones 0 0 0 0 0 1 0 0 0 1 0/0 15:20 1:13 2:23
Tomas Fleischmann 1 0 1 1 0 3 1 1 0 0 0/0 12:38 0:00 1:06
Players Stats for Golden Knights
Player Name G A P +/- PIM S H SB GA TA FO MP PP MP PK MP
------------------------------------------------------------------------------------
Alex Tanguay 0 0 0 0 0 0 2 0 0 0 1/1 15:14 1:00 0:00
Andrei Loktionov 0 0 0 0 0 1 1 1 1 0 8/16 16:03 2:58 0:00
Brandon Bollig 0 0 0 0 0 0 0 0 0 0 2/3 13:27 0:09 0:00
Chris Higgins 1 0 1 1 0 5 1 0 1 0 2/3 12:00 3:03 0:00
Damien Brunner 0 1 1 1 0 1 1 0 0 0 1/1 9:39 0:00 0:52
Ilya Kovalchuk 0 0 0 -3 0 4 2 0 0 1 1/2 18:22 1:55 0:52
Jakub Kindl 0 0 0 -2 0 0 0 1 0 0 0/0 18:33 0:59 0:26
Jared Cowen 0 0 0 0 0 2 0 3 2 4 0/0 20:56 3:03 0:45
Mathew Dumba 0 0 0 0 2 3 0 4 0 1 0/0 17:54 0:32 0:00
Matt Stajan 0 0 0 -3 0 1 1 0 0 0 8/15 18:09 2:03 0:00
Michael Frolik 0 0 0 0 0 3 2 0 1 0 1/1 17:12 2:54 1:07
Michael Kostka 0 0 0 0 0 2 1 2 1 1 0/0 19:55 2:04 0:45
Patrice Cormier 0 1 1 1 0 1 0 2 0 0 3/3 10:16 0:43 1:07
Steve Bernier 0 0 0 -3 0 0 0 1 0 0 0/0 15:28 0:00 0:00
Vincent Lecavalier 0 0 0 0 0 2 1 1 0 1 10/14 14:35 0:03 0:00
Vladimir Mihalik 0 0 0 0 0 0 2 0 0 0 0/0 20:58 2:22 0:48
Wayne Simmonds 0 0 0 0 0 3 0 0 1 0 0/1 17:26 3:03 0:00
Zach Bogosian 0 0 0 -2 0 5 1 3 1 0 0/0 21:53 2:54 1:14
3 Stars
1 - Jimmy Howard (Chi)
2 - Tomas Fleischmann (Chi)
3 - Rick Nash (Chi)
Power Play
Blackhawks - 0 on 1 Attempt(s) - 0.00%
Golden Knights - 0 on 3 Attempt(s) - 0.00%
Penalty Kill
Blackhawks - 3 on 3 Attempt(s) - 100.00%
- Score 0 goal in Penalty Kill
Golden Knights - 1 on 1 Attempt(s) - 100.00%
- Score 0 goal in Penalty Kill
Team Stat
Blackhawks - Hits : 23 - Faceoff Wins : 23 - Blocked Shots : 10 - Penalty Minutes : 6
Golden Knights - Hits : 15 - Faceoff Wins : 37 - Blocked Shots : 18 - Penalty Minutes : 2
Official
Referees : Unknown
Linesman : Unknown
Game Notes
No Game Note
Finance
Level 1 -- Attendance: 6000 (100.00%) -- Ticket Income $558,000
Level 2 -- Attendance: 4577 (91.54%) -- Ticket Income $270,043
Level 3 -- Attendance: 2000 (100.00%) -- Ticket Income $78,000
Level 4 -- Attendance: 3583 (89.58%) -- Ticket Income $96,741
Luxury Box -- Attendance: 1000 (100.00%) -- Ticket Income $160,000
Game was played at the Duff Garden.
Total Attendance: 17160 (95.33%)
Total Ticket Income: $1,162,784
Other Income: $174,418
Total Income: $1,337,202
Blackhawks
5 vs 5 Forward
Center Left Wing Right Wing Time % Phy DF OF
1 Derick Brassard Chris Kreider Rick Nash 40 1 2 2
2 Cody Hodgson Antoine Roussel Garnet Hathaway 30 1 2 2
3 Erik Christensen Tomas Fleischmann Bobby Ryan 20 1 2 2
4 Scott Gomez Gabriel Bourque Brandon Yip 10 1 2 2
5 vs 5 Defense
Defense Defense Time % Phy DF OF
1 John Carlson Mike Green 40 1 2 2
2 Justin Falk Matthew Spiller 30 1 2 2
3 Seth Jones Kevin Marshall 20 1 2 2
4 John Carlson Mike Green 10 1 2 2
PowerPlay Forward
Center Left Wing Right Wing Time % Phy DF OF
1 Derick Brassard Chris Kreider Rick Nash 60 1 2 2
2 Cody Hodgson Antoine Roussel Garnet Hathaway 40 1 2 2
PowerPlay Defense
Defense Defense Time % Phy DF OF
1 John Carlson Seth Jones 60 1 2 2
2 Mike Green Justin Falk 40 1 2 2
Penalty Kill 4 Players Forward
Center Wing Time % Phy DF OF
1 Scott Gomez Chris Kreider 60 1 2 2
2 Derick Brassard Tomas Fleischmann 40 1 2 2
Penalty Kill 4 Players Defense
Defense Defense Time % Phy DF OF
1 Mike Green Matthew Spiller 60 1 2 2
2 Seth Jones Kevin Marshall 40 1 2 2
Penalty Kill - 3 Players Forward
Forward Time % Phy DF OF
1 Scott Gomez 60 1 2 2
2 Derick Brassard 40 1 2 2
Penalty Kill - 3 Players Defense
Defense Defense Time % Phy DF OF
1 Mike Green Matthew Spiller 60 1 2 2
2 Seth Jones Kevin Marshall 40 1 2 2
4 vs 4 Forward
Center Wing Time % Phy DF OF
1 Derick Brassard Chris Kreider 60 1 2 2
2 Scott Gomez Rick Nash 40 1 2 2
4 vs 4 Defense
Defense Defense Time % Phy DF OF
1 John Carlson Mike Green 60 1 2 2
2 Kevin Marshall Seth Jones 40 1 2 2
Last Minutes Offensive
Center Left Wing Right Wing Defense Defense
Derick Brassard Chris Kreider Rick Nash Mike Green John Carlson
Last Minutes Defensive
Center Left Wing Right Wing Defense Defense
Derick Brassard Chris Kreider Rick Nash Mike Green John Carlson
Goaltenders
Starting : Jimmy Howard
Backup : Ray Emery
Extra Forwards
Normal : Tomas Fleischmann, Erik Christensen, Garnet Hathaway - PP : Tomas Fleischmann, Brandon Yip - PK : Brandon Yip
Extra Defensemen
Normal : Seth Jones, Justin Falk, John Carlson - PP : Matthew Spiller - PK : John Carlson, Seth Jones
Penalty Shots
Derick Brassard, Rick Nash, Chris Kreider, Mike Green, Antoine Roussel
Scratches
David Jones (Healthy)
Golden Knights
5 vs 5 Forward
Center Left Wing Right Wing Time % Phy DF OF
1 Matt Stajan Ilya Kovalchuk Steve Bernier 30 1 2 2
2 Vincent Lecavalier Alex Tanguay Wayne Simmonds 30 1 2 2
3 Andrei Loktionov Brandon Bollig Michael Frolik 25 1 2 2
4 Patrice Cormier Chris Higgins Damien Brunner 15 1 2 2
5 vs 5 Defense
Defense Defense Time % Phy DF OF
1 Mathew Dumba Jared Cowen 34 1 2 2
2 Michael Kostka Vladimir Mihalik 33 1 2 2
3 Zach Bogosian Jakub Kindl 33 1 2 2
4 Zach Bogosian Jared Cowen 0 1 2 2
PowerPlay Forward
Center Left Wing Right Wing Time % Phy DF OF
1 Matt Stajan Chris Higgins Wayne Simmonds 50 1 2 2
2 Andrei Loktionov Ilya Kovalchuk Michael Frolik 50 1 2 2
PowerPlay Defense
Defense Defense Time % Phy DF OF
1 Zach Bogosian Vladimir Mihalik 50 1 2 2
2 Michael Kostka Jared Cowen 50 1 2 2
Penalty Kill 4 Players Forward
Center Wing Time % Phy DF OF
1 Patrice Cormier Michael Frolik 50 1 2 2
2 Damien Brunner Ilya Kovalchuk 50 1 2 2
Penalty Kill 4 Players Defense
Defense Defense Time % Phy DF OF
1 Zach Bogosian Mathew Dumba 50 1 2 2
2 Michael Kostka Jared Cowen 50 1 2 2
Penalty Kill - 3 Players Forward
Forward Time % Phy DF OF
1 Ilya Kovalchuk 50 1 2 2
2 Andrei Loktionov 50 1 2 2
Penalty Kill - 3 Players Defense
Defense Defense Time % Phy DF OF
1 Michael Kostka Zach Bogosian 70 1 2 2
2 Jared Cowen Vladimir Mihalik 30 1 2 2
4 vs 4 Forward
Center Wing Time % Phy DF OF
1 Wayne Simmonds Steve Bernier 50 1 2 2
2 Andrei Loktionov Michael Frolik 50 1 2 2
4 vs 4 Defense
Defense Defense Time % Phy DF OF
1 Zach Bogosian Jakub Kindl 50 1 2 2
2 Mathew Dumba Jared Cowen 50 1 2 2
Last Minutes Offensive
Center Left Wing Right Wing Defense Defense
Andrei Loktionov Ilya Kovalchuk Michael Frolik Zach Bogosian Vladimir Mihalik
Last Minutes Defensive
Center Left Wing Right Wing Defense Defense
Patrice Cormier Chris Higgins Wayne Simmonds Zach Bogosian Jared Cowen
Goaltenders
Starting : Robin Lehner
Backup : Matt Hackett
Extra Forwards
Normal : Chris Higgins, Patrice Cormier, Damien Brunner - PP : Alex Tanguay, Steve Bernier - PK : Wayne Simmonds
Extra Defensemen
Normal : Jakub Kindl, Vladimir Mihalik, Michael Kostka - PP : Jakub Kindl - PK : Vladimir Mihalik, Jakub Kindl
Penalty Shots
Ilya Kovalchuk, Michael Frolik, Vincent Lecavalier, Chris Higgins, Matt Stajan
Scratches
None
% Time on Ice - Blackhawks
Lines # - Real PCT - Wanted PCT - Time Play
Normal Forward
1 - 39% - 40% - 20:09
2 - 28% - 30% - 14:25
3 - 21% - 20% - 10:57
4 - 13% - 10% - 6:33
Normal Defense
1 - 40% - 40% - 21:04
2 - 32% - 30% - 16:32
3 - 23% - 20% - 11:44
4 - 5% - 10% - 2:44
PP Forward
1 - 55% - 60% - 1:06
2 - 45% - 40% - 0:53
PP Defense
1 - 61% - 60% - 1:13
2 - 39% - 40% - 0:46
PK Forward
1 - 82% - 60% - 4:51
2 - 18% - 40% - 1:06
PK Defense
1 - 61% - 60% - 3:39
2 - 39% - 40% - 2:18
PK3 Forward
1 - 0% - 60%
2 - 0% - 40%
PK3 Defense
1 - 0% - 60%
2 - 0% - 40%
44 Forward
1 - 0% - 60%
2 - 0% - 40%
44 Defense
1 - 0% - 60%
2 - 0% - 40%
Last Minute Offensive - 0:00
Last Minute Defensive - 0:00
Total
Forward - 60:00
Defense - 60:00
|
% Time on Ice - Golden Knights
Lines # - Real PCT - Wanted PCT - Time Play
Normal Forward
1 - 32% - 30% - 16:36
2 - 28% - 30% - 14:38
3 - 25% - 25% - 13:16
4 - 15% - 15% - 7:34
Normal Defense
1 - 35% - 34% - 18:28
2 - 32% - 33% - 16:45
3 - 31% - 33% - 16:23
4 - 1% - 0% - 0:28
PP Forward
1 - 51% - 50% - 3:03
2 - 49% - 50% - 2:54
PP Defense
1 - 49% - 50% - 2:54
2 - 51% - 50% - 3:03
PK Forward
1 - 56% - 50% - 1:07
2 - 44% - 50% - 0:52
PK Defense
1 - 62% - 50% - 1:14
2 - 38% - 50% - 0:45
PK3 Forward
1 - 0% - 50%
2 - 0% - 50%
PK3 Defense
1 - 0% - 70%
2 - 0% - 30%
44 Forward
1 - 0% - 50%
2 - 0% - 50%
44 Defense
1 - 0% - 50%
2 - 0% - 50%
Last Minute Offensive - 0:00
Last Minute Defensive - 0:00
Total
Forward - 60:00
Defense - 60:00
|
Play-by-Play
1st period
0:01 of 1st period - Derick Brassard wins face-off versus Matt Stajan in neutral zone.
0:45 of 1st period - Brandon Bollig is hit by Tomas Fleischmann.
1:31 of 1st period - Jakub Kindl is hit by Matthew Spiller and loses puck.
1:36 of 1st period - Wrist shot by Gabriel Bourque.
1:36 of 1st period - Stopped by Robin Lehner without a rebound.
1:37 of 1st period - Matt Stajan wins face-off versus Chris Kreider in Golden Knights zone.
1:46 of 1st period - Snap shot by Steve Bernier.
1:46 of 1st period - Deflect By Ilya Kovalchuk.
1:46 of 1st period - Stopped by Jimmy Howard without a rebound.
1:47 of 1st period - Matt Stajan wins face-off versus Derick Brassard in Blackhawks zone.
1:58 of 1st period - Slapshot by Matt Stajan.
1:58 of 1st period - Stopped by Jimmy Howard without a rebound.
1:59 of 1st period - Cody Hodgson wins face-off versus Andrei Loktionov in Blackhawks zone.
2:26 of 1st period - Mike Green is hit by Vincent Lecavalier.
2:30 of 1st period - Snap shot by Rick Nash.
2:30 of 1st period - Shot Blocked by Jared Cowen.
2:32 of 1st period - Snap shot by Rick Nash.
2:32 of 1st period - Shot Misses the Net.
2:34 of 1st period - Slapshot by Seth Jones.
2:34 of 1st period - Shot Blocked by Jared Cowen.
2:36 of 1st period - Wrist shot by Rick Nash.
2:36 of 1st period - Shot Blocked by Jared Cowen.
3:08 of 1st period - Wrist shot by Cody Hodgson.
3:08 of 1st period - Shot Misses the Net.
3:51 of 1st period - Snap shot by Wayne Simmonds.
3:51 of 1st period - Stopped by Jimmy Howard with a rebound.
3:53 of 1st period - Slapshot by Vincent Lecavalier.
3:53 of 1st period - Shot Misses the Net.
3:57 of 1st period - Snap shot by Vincent Lecavalier.
3:57 of 1st period - Shot Misses the Net.
4:15 of 1st period - Snap shot by Andrei Loktionov.
4:15 of 1st period - Stopped by Jimmy Howard with a rebound.
4:17 of 1st period - Wrist shot by Zach Bogosian.
4:17 of 1st period - Stopped by Jimmy Howard without a rebound.
4:18 of 1st period - Vincent Lecavalier wins face-off versus Cody Hodgson in Blackhawks zone.
4:36 of 1st period - Minor Penalty to Garnet Hathaway for Hooking.
4:37 of 1st period - Matt Stajan wins face-off versus Scott Gomez in Blackhawks zone.
4:41 of 1st period - Slapshot by Zach Bogosian.
4:41 of 1st period - Shot Misses the Net.
5:03 of 1st period - Scott Gomez is hit by Ilya Kovalchuk and loses puck.
6:29 of 1st period - Michael Frolik is hit by Mike Green and loses puck.
6:36 of 1st period - Penalty to Garnet Hathaway is over, Garnet Hathaway is back on ice.
6:51 of 1st period - Antoine Roussel is hit by Zach Bogosian and loses puck.
8:21 of 1st period - Matthew Spiller is hit by Ilya Kovalchuk and loses puck.
8:36 of 1st period - Wrist shot by Ilya Kovalchuk.
8:36 of 1st period - Shot Misses the Net.
8:38 of 1st period - Backhand shot by Michael Kostka.
8:38 of 1st period - Shot Blocked by Kevin Marshall.
9:00 of 1st period - Backhand shot by Antoine Roussel.
9:00 of 1st period - Stopped by Robin Lehner without a rebound.
9:01 of 1st period - Vincent Lecavalier wins face-off versus Cody Hodgson in Golden Knights zone.
9:17 of 1st period - Slapshot by Justin Falk.
9:17 of 1st period - Stopped by Robin Lehner without a rebound.
9:18 of 1st period - Ilya Kovalchuk wins face-off versus Derick Brassard in Golden Knights zone.
9:18 of 1st period - Zach Bogosian is hit by Derick Brassard and loses puck.
9:45 of 1st period - Jakub Kindl is hit by Mike Green and loses puck.
10:10 of 1st period - Snap shot by Antoine Roussel.
10:10 of 1st period - Stopped by Robin Lehner without a rebound.
10:11 of 1st period - Matt Stajan wins face-off versus Cody Hodgson in Golden Knights zone.
10:44 of 1st period - Snap shot by Antoine Roussel.
10:44 of 1st period - Shot Blocked by Michael Kostka.
10:46 of 1st period - Slapshot by Cody Hodgson.
10:46 of 1st period - Shot Blocked by Steve Bernier.
10:48 of 1st period - Snap shot by Garnet Hathaway.
10:48 of 1st period - Stopped by Robin Lehner with a rebound.
11:23 of 1st period - Wrist shot by Antoine Roussel.
11:23 of 1st period - Shot Misses the Net.
11:25 of 1st period - Snap shot by Matthew Spiller.
11:25 of 1st period - Stopped by Robin Lehner with a rebound.
11:47 of 1st period - Wrist shot by Matt Stajan.
11:47 of 1st period - Shot Blocked by Antoine Roussel.
12:10 of 1st period - Minor Penalty to Antoine Roussel for Hooking.
12:11 of 1st period - Andrei Loktionov wins face-off versus Scott Gomez in Blackhawks zone.
13:53 of 1st period - Vladimir Mihalik is hit by Brandon Yip and loses puck.
14:10 of 1st period - Penalty to Antoine Roussel is over, Antoine Roussel is back on ice.
14:29 of 1st period - Alex Tanguay is hit by Bobby Ryan and loses puck.
16:05 of 1st period - Vincent Lecavalier is hit by Erik Christensen and loses puck.
16:18 of 1st period - Gabriel Bourque is hit by Michael Frolik.
16:27 of 1st period - Mike Green is hit by Andrei Loktionov.
16:37 of 1st period - Michael Kostka is hit by Derick Brassard and loses puck.
17:04 of 1st period - Steve Bernier is hit by Cody Hodgson and loses puck.
17:21 of 1st period - Alex Tanguay is hit by Brandon Yip and loses puck.
17:49 of 1st period - Erik Christensen is hit by Michael Frolik.
18:46 of 1st period - Icing by Justin Falk.
18:47 of 1st period - Derick Brassard wins face-off versus Andrei Loktionov in Blackhawks zone.
18:52 of 1st period - Michael Frolik is hit by Scott Gomez and loses puck.
19:15 of 1st period - Slapshot by Zach Bogosian.
19:15 of 1st period - Stopped by Jimmy Howard without a rebound.
19:16 of 1st period - Erik Christensen wins face-off versus Vincent Lecavalier in Blackhawks zone.
19:16 of 1st period - Erik Christensen is hit by Alex Tanguay.
Goals for this period are 0 for Blackhawks vs 0 for Golden Knights.
Shots for this period are 6 for Blackhawks vs 6 for Golden Knights.
2nd period
0:01 of 2nd period - Derick Brassard wins face-off versus Andrei Loktionov in neutral zone.
0:26 of 2nd period - Wayne Simmonds is hit by Mike Green and loses puck.
0:31 of 2nd period - Wrist shot by Cody Hodgson.
0:31 of 2nd period - Deflect By Zach Bogosian.
0:31 of 2nd period - Shot Misses the Net.
0:31 of 2nd period - Puck is out of play.
0:32 of 2nd period - Cody Hodgson wins face-off versus Vincent Lecavalier in Golden Knights zone.
0:41 of 2nd period - Snap shot by Antoine Roussel.
0:41 of 2nd period - Shot Blocked by Vincent Lecavalier.
0:43 of 2nd period - Snap shot by Cody Hodgson.
0:43 of 2nd period - Stopped by Robin Lehner without a rebound.
0:44 of 2nd period - Andrei Loktionov wins face-off versus Derick Brassard in Golden Knights zone.
0:57 of 2nd period - Snap shot by Andrei Loktionov.
0:57 of 2nd period - Deflect By Michael Frolik.
0:57 of 2nd period - Shot Misses the Net.
0:57 of 2nd period - Puck is out of play.
0:58 of 2nd period - Derick Brassard wins face-off versus Vincent Lecavalier in Blackhawks zone.
0:58 of 2nd period - Derick Brassard is hit by Alex Tanguay.
1:10 of 2nd period - Wrist shot by Derick Brassard.
1:10 of 2nd period - Shot Misses the Net.
1:37 of 2nd period - Snap shot by Matt Stajan.
1:37 of 2nd period - Shot Blocked by John Carlson.
1:55 of 2nd period - Snap shot by Erik Christensen.
1:55 of 2nd period - Shot Misses the Net.
2:33 of 2nd period - Wrist shot by Derick Brassard.
2:33 of 2nd period - Stopped by Robin Lehner without a rebound.
2:34 of 2nd period - Vincent Lecavalier wins face-off versus Derick Brassard in Golden Knights zone.
3:27 of 2nd period - Snap shot by Antoine Roussel.
3:27 of 2nd period - Deflect By Cody Hodgson.
3:27 of 2nd period - Shot Blocked by Patrice Cormier.
3:27 of 2nd period - Puck is out of play.
3:28 of 2nd period - Derick Brassard wins face-off versus Chris Higgins in Golden Knights zone.
3:29 of 2nd period - Wrist shot by Chris Kreider.
3:29 of 2nd period - Stopped by Robin Lehner with a rebound.
4:03 of 2nd period - Wrist shot by Chris Higgins.
4:03 of 2nd period - Stopped by Jimmy Howard with a rebound.
4:20 of 2nd period - Wrist shot by Chris Higgins.
4:20 of 2nd period - Stopped by Jimmy Howard without a rebound.
4:21 of 2nd period - Brandon Bollig wins face-off versus Derick Brassard in Blackhawks zone.
4:24 of 2nd period - Snap shot by Michael Frolik.
4:24 of 2nd period - Shot Blocked by Rick Nash.
4:47 of 2nd period - Cody Hodgson is hit by Vladimir Mihalik and loses puck.
4:56 of 2nd period - Slapshot by Vincent Lecavalier.
4:56 of 2nd period - Stopped by Jimmy Howard without a rebound.
4:57 of 2nd period - Derick Brassard wins face-off versus Matt Stajan in Blackhawks zone.
5:09 of 2nd period - Slapshot by Ilya Kovalchuk.
5:09 of 2nd period - Stopped by Jimmy Howard without a rebound.
5:10 of 2nd period - Andrei Loktionov wins face-off versus Derick Brassard in Blackhawks zone.
6:02 of 2nd period - Snap shot by Tomas Fleischmann.
6:02 of 2nd period - Goal by Tomas Fleischmann - Blackhawks : 1 - Golden Knights : 0.
6:03 of 2nd period - Matt Stajan wins face-off versus Derick Brassard in neutral zone.
6:16 of 2nd period - Snap shot by Ilya Kovalchuk.
6:16 of 2nd period - Stopped by Jimmy Howard without a rebound.
6:17 of 2nd period - Derick Brassard wins face-off versus Andrei Loktionov in Blackhawks zone.
6:44 of 2nd period - Mathew Dumba is hit by John Carlson and loses puck.
7:13 of 2nd period - Snap shot by Erik Christensen.
7:13 of 2nd period - Deflect By Tomas Fleischmann.
7:13 of 2nd period - Shot Blocked by Jakub Kindl.
7:13 of 2nd period - Puck is out of play.
7:14 of 2nd period - Andrei Loktionov wins face-off versus Derick Brassard in Golden Knights zone.
7:21 of 2nd period - Slapshot by Zach Bogosian.
7:21 of 2nd period - Stopped by Jimmy Howard with a rebound.
7:50 of 2nd period - Off-side.
7:51 of 2nd period - Vincent Lecavalier wins face-off versus Derick Brassard in neutral zone.
8:04 of 2nd period - Slapshot by Chris Kreider.
8:04 of 2nd period - Shot Misses the Net.
8:06 of 2nd period - Slapshot by Mike Green.
8:06 of 2nd period - Shot Misses the Net.
10:03 of 2nd period - Slapshot by Jared Cowen.
10:03 of 2nd period - Shot Blocked by Garnet Hathaway.
10:05 of 2nd period - Snap shot by Ilya Kovalchuk.
10:05 of 2nd period - Stopped by Jimmy Howard with a rebound.
10:37 of 2nd period - Snap shot by Andrei Loktionov.
10:37 of 2nd period - Shot Misses the Net.
11:01 of 2nd period - Snap shot by Tomas Fleischmann.
11:01 of 2nd period - Stopped by Robin Lehner without a rebound.
11:02 of 2nd period - Vincent Lecavalier wins face-off versus Erik Christensen in Golden Knights zone.
11:12 of 2nd period - Off-side.
11:13 of 2nd period - Matt Stajan wins face-off versus Derick Brassard in neutral zone.
11:29 of 2nd period - Jakub Kindl is hit by Chris Kreider and loses puck.
12:02 of 2nd period - Snap shot by Erik Christensen.
12:02 of 2nd period - Stopped by Robin Lehner with a rebound.
12:10 of 2nd period - Wrist shot by Erik Christensen.
12:10 of 2nd period - Shot Misses the Net.
12:12 of 2nd period - Snap shot by Bobby Ryan.
12:12 of 2nd period - Shot Misses the Net.
12:28 of 2nd period - Slapshot by Damien Brunner.
12:28 of 2nd period - Stopped by Jimmy Howard without a rebound.
12:29 of 2nd period - Patrice Cormier wins face-off versus Scott Gomez in Blackhawks zone.
12:30 of 2nd period - Slapshot by Damien Brunner.
12:30 of 2nd period - Shot Misses the Net.
12:32 of 2nd period - Snap shot by Chris Higgins.
12:32 of 2nd period - Goal by Chris Higgins - Blackhawks : 1 - Golden Knights : 1.
12:33 of 2nd period - Derick Brassard wins face-off versus Matt Stajan in neutral zone.
13:40 of 2nd period - Vladimir Mihalik is hit by Scott Gomez and loses puck.
13:46 of 2nd period - Off-side.
13:47 of 2nd period - Derick Brassard wins face-off versus Matt Stajan in neutral zone.
14:04 of 2nd period - Backhand shot by Zach Bogosian.
14:04 of 2nd period - Stopped by Jimmy Howard with a rebound.
14:21 of 2nd period - Icing by Seth Jones.
14:22 of 2nd period - Andrei Loktionov wins face-off versus Cody Hodgson in Blackhawks zone.
14:49 of 2nd period - Steve Bernier is hit by Chris Kreider and loses puck.
15:14 of 2nd period - Wrist shot by Vincent Lecavalier.
15:14 of 2nd period - Shot Blocked by John Carlson.
15:16 of 2nd period - Slapshot by Mathew Dumba.
15:16 of 2nd period - Stopped by Jimmy Howard with a rebound.
15:18 of 2nd period - Wrist shot by Jared Cowen.
15:18 of 2nd period - Stopped by Jimmy Howard with a rebound.
15:20 of 2nd period - Slapshot by Alex Tanguay.
15:20 of 2nd period - Deflect By Wayne Simmonds.
15:20 of 2nd period - Shot Blocked by Tomas Fleischmann.
15:20 of 2nd period - Puck is out of play.
15:21 of 2nd period - Vincent Lecavalier wins face-off versus Derick Brassard in Blackhawks zone.
15:22 of 2nd period - Wrist shot by Wayne Simmonds.
15:22 of 2nd period - Stopped by Jimmy Howard with a rebound.
16:22 of 2nd period - Off-side.
16:23 of 2nd period - Vincent Lecavalier wins face-off versus Derick Brassard in neutral zone.
16:30 of 2nd period - Wrist shot by Vincent Lecavalier.
16:30 of 2nd period - Shot Misses the Net.
16:32 of 2nd period - Snap shot by Vladimir Mihalik.
16:32 of 2nd period - Shot Misses the Net.
16:48 of 2nd period - Matthew Spiller is hit by Damien Brunner and loses puck.
16:55 of 2nd period - Snap shot by Chris Higgins.
16:55 of 2nd period - Stopped by Jimmy Howard with a rebound.
17:12 of 2nd period - Wrist shot by Chris Kreider.
17:12 of 2nd period - Shot Blocked by Mathew Dumba.
17:14 of 2nd period - Snap shot by Derick Brassard.
17:14 of 2nd period - Stopped by Robin Lehner without a rebound.
17:15 of 2nd period - Andrei Loktionov wins face-off versus Cody Hodgson in Golden Knights zone.
17:37 of 2nd period - Wrist shot by Michael Frolik.
17:37 of 2nd period - Stopped by Jimmy Howard with a rebound.
18:01 of 2nd period - Kevin Marshall is hit by Vladimir Mihalik.
18:29 of 2nd period - Antoine Roussel is hit by Matt Stajan and loses puck.
18:42 of 2nd period - Wrist shot by Chris Kreider.
18:42 of 2nd period - Shot Misses the Net.
18:44 of 2nd period - Snap shot by Derick Brassard.
18:44 of 2nd period - Deflect By Chris Kreider.
18:44 of 2nd period - Shot Blocked by Patrice Cormier.
18:44 of 2nd period - Puck is out of play.
18:45 of 2nd period - Patrice Cormier wins face-off versus Derick Brassard in Golden Knights zone.
18:45 of 2nd period - Patrice Cormier is hit by Chris Kreider.
18:53 of 2nd period - Snap shot by Damien Brunner.
18:53 of 2nd period - Shot Misses the Net.
19:01 of 2nd period - Wrist shot by Patrice Cormier.
19:01 of 2nd period - Stopped by Jimmy Howard with a rebound.
19:03 of 2nd period - Minor Penalty to Chris Kreider for Roughing.
19:04 of 2nd period - Andrei Loktionov wins face-off versus Scott Gomez in Blackhawks zone.
19:55 of 2nd period - Icing by Wayne Simmonds.
19:56 of 2nd period - Chris Higgins wins face-off versus Erik Christensen in Golden Knights zone.
Goals for this period are 1 for Blackhawks vs 1 for Golden Knights.
Shots for this period are 7 for Blackhawks vs 16 for Golden Knights.
3rd period
0:01 of 3rd period - Scott Gomez wins face-off versus Andrei Loktionov in neutral zone.
0:36 of 3rd period - Slapshot by Zach Bogosian.
0:36 of 3rd period - Stopped by Jimmy Howard without a rebound.
0:37 of 3rd period - Scott Gomez wins face-off versus Andrei Loktionov in Blackhawks zone.
0:54 of 3rd period - Snap shot by Michael Kostka.
0:54 of 3rd period - Stopped by Jimmy Howard without a rebound.
0:55 of 3rd period - Brandon Yip wins face-off versus Matt Stajan in Blackhawks zone.
0:55 of 3rd period - Brandon Yip is hit by Chris Higgins.
1:03 of 3rd period - Penalty to Chris Kreider is over, Chris Kreider is back on ice.
1:29 of 3rd period - Chris Higgins is hit by Brandon Yip and loses puck.
1:40 of 3rd period - Snap shot by Wayne Simmonds.
1:40 of 3rd period - Shot Misses the Net.
1:58 of 3rd period - Snap shot by Chris Higgins.
1:58 of 3rd period - Stopped by Jimmy Howard with a rebound.
2:00 of 3rd period - Snap shot by Matt Stajan.
2:00 of 3rd period - Deflect By Chris Higgins.
2:00 of 3rd period - Shot Blocked by Mike Green.
2:00 of 3rd period - Puck is out of play.
2:01 of 3rd period - Andrei Loktionov wins face-off versus Cody Hodgson in Blackhawks zone.
3:09 of 3rd period - Jared Cowen is hit by Mike Green and loses puck.
3:50 of 3rd period - Vladimir Mihalik is hit by Justin Falk.
4:19 of 3rd period - Minor Penalty to Mathew Dumba for Holding.
4:20 of 3rd period - Patrice Cormier wins face-off versus Derick Brassard in Golden Knights zone.
4:20 of 3rd period - Patrice Cormier is hit by Chris Kreider.
4:30 of 3rd period - Patrice Cormier is hit by Chris Kreider and loses puck.
4:35 of 3rd period - Snap shot by Derick Brassard.
4:35 of 3rd period - Deflect By Rick Nash.
4:35 of 3rd period - Shot Blocked by Zach Bogosian.
4:35 of 3rd period - Puck is out of play.
4:36 of 3rd period - Derick Brassard wins face-off versus Ilya Kovalchuk in Golden Knights zone.
4:43 of 3rd period - Wrist shot by Chris Kreider.
4:43 of 3rd period - Shot Misses the Net.
4:45 of 3rd period - Wrist shot by Seth Jones.
4:45 of 3rd period - Shot Misses the Net.
4:47 of 3rd period - Slapshot by John Carlson.
4:47 of 3rd period - Stopped by Robin Lehner with a rebound.
4:49 of 3rd period - Slapshot by Seth Jones.
4:49 of 3rd period - Shot Blocked by Michael Kostka.
4:51 of 3rd period - Snap shot by Chris Kreider.
4:51 of 3rd period - Stopped by Robin Lehner with a rebound.
6:19 of 3rd period - Penalty to Mathew Dumba is over, Mathew Dumba is back on ice.
6:22 of 3rd period - Icing by Ilya Kovalchuk.
6:23 of 3rd period - Damien Brunner wins face-off versus Bobby Ryan in Golden Knights zone.
6:32 of 3rd period - Slapshot by Wayne Simmonds.
6:32 of 3rd period - Stopped by Jimmy Howard with a rebound.
6:59 of 3rd period - Snap shot by Erik Christensen.
6:59 of 3rd period - Shot Misses the Net.
7:01 of 3rd period - Slapshot by Seth Jones.
7:01 of 3rd period - Stopped by Robin Lehner without a rebound.
7:02 of 3rd period - Brandon Bollig wins face-off versus Derick Brassard in Golden Knights zone.
8:16 of 3rd period - Snap shot by Ilya Kovalchuk.
8:16 of 3rd period - Shot Blocked by Justin Falk.
9:10 of 3rd period - Slapshot by Michael Frolik.
9:10 of 3rd period - Shot Misses the Net.
9:12 of 3rd period - Slapshot by Vladimir Mihalik.
9:12 of 3rd period - Deflect By Brandon Bollig.
9:12 of 3rd period - Shot Misses the Net.
9:12 of 3rd period - Puck is out of play.
9:13 of 3rd period - Matt Stajan wins face-off versus Derick Brassard in Blackhawks zone.
9:22 of 3rd period - Snap shot by Matt Stajan.
9:22 of 3rd period - Shot Hit the Post.
9:24 of 3rd period - Slapshot by Mathew Dumba.
9:24 of 3rd period - Deflect By John Carlson.
9:24 of 3rd period - Stopped by Jimmy Howard with a rebound.
9:26 of 3rd period - Slapshot by Jared Cowen.
9:26 of 3rd period - Deflect By Derick Brassard.
9:26 of 3rd period - Stopped by Jimmy Howard with a rebound.
9:28 of 3rd period - Slapshot by Mathew Dumba.
9:28 of 3rd period - Stopped by Jimmy Howard with a rebound.
9:30 of 3rd period - Snap shot by Jared Cowen.
9:30 of 3rd period - Shot Misses the Net.
9:53 of 3rd period - Wrist shot by Chris Kreider.
9:53 of 3rd period - Shot Misses the Net.
9:55 of 3rd period - Wrist shot by Rick Nash.
9:55 of 3rd period - Shot Blocked by Mathew Dumba.
9:57 of 3rd period - Snap shot by Chris Kreider.
9:57 of 3rd period - Shot Blocked by Mathew Dumba.
9:59 of 3rd period - Snap shot by Chris Kreider.
9:59 of 3rd period - Shot Misses the Net.
10:01 of 3rd period - Snap shot by Chris Kreider.
10:01 of 3rd period - Stopped by Robin Lehner without a rebound.
10:02 of 3rd period - Vincent Lecavalier wins face-off versus Cody Hodgson in Golden Knights zone.
10:32 of 3rd period - Slapshot by John Carlson.
10:32 of 3rd period - Deflect By Bobby Ryan.
10:32 of 3rd period - Shot Blocked by Zach Bogosian.
10:32 of 3rd period - Puck is out of play.
10:33 of 3rd period - Erik Christensen wins face-off versus Andrei Loktionov in Golden Knights zone.
10:44 of 3rd period - Wrist shot by Andrei Loktionov.
10:44 of 3rd period - Deflect By Michael Frolik.
10:44 of 3rd period - Stopped by Jimmy Howard with a rebound.
10:46 of 3rd period - Slapshot by Michael Kostka.
10:46 of 3rd period - Deflect By Mike Green.
10:46 of 3rd period - Stopped by Jimmy Howard with a rebound.
10:48 of 3rd period - Snap shot by Michael Frolik.
10:48 of 3rd period - Stopped by Jimmy Howard with a rebound.
10:50 of 3rd period - Wrist shot by Vladimir Mihalik.
10:50 of 3rd period - Shot Misses the Net.
11:27 of 3rd period - Off-side.
11:28 of 3rd period - Cody Hodgson wins face-off versus Matt Stajan in neutral zone.
11:31 of 3rd period - Wrist shot by Antoine Roussel.
11:31 of 3rd period - Goal by Antoine Roussel - Blackhawks : 2 - Golden Knights : 1.
11:32 of 3rd period - Vincent Lecavalier wins face-off versus Rick Nash in neutral zone.
11:45 of 3rd period - Wrist shot by Derick Brassard.
11:45 of 3rd period - Stopped by Robin Lehner without a rebound.
11:46 of 3rd period - Chris Kreider wins face-off versus Andrei Loktionov in Golden Knights zone.
11:47 of 3rd period - Snap shot by Derick Brassard.
11:47 of 3rd period - Stopped by Robin Lehner with a rebound.
11:51 of 3rd period - Slapshot by Derick Brassard.
11:51 of 3rd period - Deflect By Zach Bogosian.
11:51 of 3rd period - Stopped by Robin Lehner without a rebound.
11:52 of 3rd period - Derick Brassard wins face-off versus Brandon Bollig in Golden Knights zone.
11:55 of 3rd period - Snap shot by Rick Nash.
11:55 of 3rd period - Shot Blocked by Zach Bogosian.
11:57 of 3rd period - Snap shot by Chris Kreider.
11:57 of 3rd period - Shot Blocked by Andrei Loktionov.
12:05 of 3rd period - Wrist shot by Chris Kreider.
12:05 of 3rd period - Stopped by Robin Lehner without a rebound.
12:06 of 3rd period - Vincent Lecavalier wins face-off versus Derick Brassard in Golden Knights zone.
12:43 of 3rd period - Snap shot by Chris Kreider.
12:43 of 3rd period - Shot Blocked by Mathew Dumba.
13:00 of 3rd period - Wrist shot by Cody Hodgson.
13:00 of 3rd period - Stopped by Robin Lehner without a rebound.
13:01 of 3rd period - Cody Hodgson wins face-off versus Wayne Simmonds in Golden Knights zone.
13:14 of 3rd period - Snap shot by Vincent Lecavalier.
13:14 of 3rd period - Stopped by Jimmy Howard without a rebound.
13:15 of 3rd period - Matt Stajan wins face-off versus Cody Hodgson in Blackhawks zone.
14:01 of 3rd period - Slapshot by John Carlson.
14:01 of 3rd period - Shot Misses the Net.
14:03 of 3rd period - Slapshot by Gabriel Bourque.
14:03 of 3rd period - Stopped by Robin Lehner without a rebound.
14:04 of 3rd period - Michael Frolik wins face-off versus Brandon Yip in Golden Knights zone.
14:33 of 3rd period - Off-side.
14:34 of 3rd period - Derick Brassard wins face-off versus Matt Stajan in neutral zone.
14:49 of 3rd period - Wrist shot by Chris Kreider.
14:49 of 3rd period - Shot Misses the Net.
14:57 of 3rd period - Wrist shot by Rick Nash.
14:57 of 3rd period - Goal by Rick Nash - Blackhawks : 3 - Golden Knights : 1.
14:58 of 3rd period - Derick Brassard wins face-off versus Vincent Lecavalier in neutral zone.
15:50 of 3rd period - Snap shot by Tomas Fleischmann.
15:50 of 3rd period - Stopped by Robin Lehner without a rebound.
15:51 of 3rd period - Chris Higgins wins face-off versus Erik Christensen in Golden Knights zone.
16:57 of 3rd period - Icing by Mathew Dumba.
16:58 of 3rd period - Alex Tanguay wins face-off versus Derick Brassard in Golden Knights zone.
18:36 of 3rd period - Snap shot by Michael Frolik.
18:36 of 3rd period - Shot Blocked by Rick Nash.
18:54 of 3rd period - Wrist shot by Bobby Ryan.
18:54 of 3rd period - Shot Misses the Net.
19:38 of 3rd period - Matthew Spiller is hit by Michael Kostka and loses puck.
Goals for this period are 2 for Blackhawks vs 0 for Golden Knights.
Shots for this period are 13 for Blackhawks vs 11 for Golden Knights.
Back to the Top